 Dungeon Crawl Stone Soup version 0.27-a0-1548-gf8a67e7463 (webtiles) character file.

Game seed: 9675487942509920958

75 garrulousMonolith the Skirmisher (level 4, -3/35 HPs)
             Began as a Demonspawn Fighter on July 13, 2021.
             Killed by divine providence
             ... invoked by an orc priest
              (13 damage)
             ... on level 3 of the Dungeon.
             The game lasted 00:01:40 (2392 turns).

garrulousMonolith the Skirmisher (DsFi)             Turns: 2392, Time: 00:01:40

Health: -3/35      AC:  9    Str: 17    XL:     4   Next: 11%
Magic:  4/4        EV:  4    Int: 10    God:
Gold:   95         SH:  9    Dex: 12    Spells: 3/3 levels left

rFire    . . .     SeeInvis .   a - +0 trident
rCold    . . .     Faith    .   c - +0 kite shield
rNeg     . . .     Spirit   .   o - +0 chain mail
rPois    .         Reflect  .   (no helmet)
rElec    .         Harm     .   (no cloak)
rCorr    .         Rampage  .   (no gloves)
Will     .....                  (no boots)
Stlth    ..........             (no amulet)
HPRegen  0.11/turn              (no ring)
MPRegen  0.09/turn              (no ring)

@: mighty, lethally poisoned (-3 -> -8), hasted, very quick
A: claws 1, powered by death 1
a: no special abilities


You were on level 3 of the Dungeon.
You visited 1 branch of the dungeon, and saw 3 of its levels.

You collected 95 gold pieces.

Inventory:

Hand Weapons
 a - a +0 trident (weapon)
Armour
 b - a +0 scale mail
 c - a +0 kite shield (worn)
 o - a +0 chain mail (worn)
Scrolls
 h - a scroll of identify {unknown}
 i - a scroll of noise {unknown}
 j - a scroll of fog {unknown}
 k - 2 scrolls of teleportation {unknown}
 l - a scroll of enchant weapon {unknown}
 n - a scroll of enchant armour {unknown}
 p - a scroll of vulnerability {unknown}
Potions
 e - a potion of curing {unknown}
 g - a potion of brilliance {unknown}
 m - a potion of flight {unknown}


   Skills:
 + Level 3.4 Fighting
 * Level 2.9 Polearms
 + Level 3.1 Armour
 + Level 3.1 Shields


You had 3 spell levels left.
You didn't know any spells.
Your spell library was empty.

Dungeon Overview and Level Annotations

Branches:
Dungeon (3/15)

Altars:
Nemelex Xobeh

Shops:
D:1 (


Innate Abilities, Weirdness & Mutations

You have sharp fingernails.
You regenerate a little health from kills.


Message History

The orc shouts!
An orc comes into view. It is wielding a +0 whip.
There are monsters nearby!
You reach to attack!
You closely miss the orc. You block the orc's attack.
You hit the orc.
The orc is almost dead.
The orc priest hits you from afar with a +0 trident of venom.
You are poisoned.
The orc hits you with a +0 flail.
The orc priest invokes the aid of Beogh against you.
Beogh smites you!
A ball python comes into view.
You feel very mighty all of a sudden.
You feel sick.
The ball python hisses angrily.
You block the orc's attack.
The orc priest calls upon Beogh to heal the orc.
The orc is healed somewhat.
Reach: a) +0 trident
Press: ? - help, Dir - move target, f - orc priest, p - orc
Aim: an orc priest, wielding a +0 trident of venom (about 44% to evade your +0 trident)
You reach to attack!
You closely miss the orc priest.
You feel sick. The orc barely misses you. You block the orc priest's attack.
You hit the orc.
The orc is almost dead.
You feel sick. You block the orc's attack.
The orc priest hits you from afar with a +0 trident of venom.
You are more poisoned.
The orc barely misses you.
You closely miss the orc.
The orc is severely wounded.
You feel very sick. You block the orc priest's attack.
You block the orc's attack. The orc priest barely misses you.
It was a potion of haste.
You feel yourself speed up.
You feel sick. The orc hits you with a +0 flail.
* * * LOW HITPOINT WARNING * * *
The orc priest invokes the aid of Beogh against you.
Beogh smites you!
You die... .#.# #..# #..>....# #.# ##.# #..# #.#####.# #.# ...# #..# #.#####.###.# #### #..# #.##........# # #..# #.##.##.##### # #..# #.##.##.# ### ######..# #.......# ..# ..Soooo.#

###..#### ..# #@# #.##
..# #.# #.# .... #.#
#.# ..### #.# #.# ..#
##########.# #.# ..#
#..........# #.# ###
#.##############.######
### #.# #.....†......#
#.. #.# #.#####.####.#
#.#


You could see an orc priest, 3 orcs and a ball python.

Vanquished Creatures
  A hound skeleton (D:2)
  2 adders
  A worm (D:3)
  A dart slug (D:1)
  5 endoplasms
  4 giant cockroaches
  4 goblins
  4 hobgoblins
  2 quokkas
  2 ball pythons (D:3)
  3 bats
  2 frilled lizards
  4 kobolds
  2 rats
37 creatures vanquished.

Notes
Turn   | Place    | Note
-------+----------+-------------------------------------------
     0 | D:1      | garrulousMonolith the Demonspawn Fighter began the quest
                  | for the Orb.
     0 | D:1      | Reached XP level 1. HP: 18/18 MP: 1/1
     2 | D:1      | Found a faded altar of an unknown god.
   182 | D:1      | Gained mutation: You have sharp fingernails. [demonic
                  | ancestry]
   182 | D:1      | Reached XP level 2. HP: 24/24 MP: 2/2
   737 | D:1      | Found Hyget's Weapon Shop.
   920 | D:2      | Reached XP level 3. HP: 27/29 MP: 3/3
  1757 | D:3      | Found a sparkling altar of Nemelex Xobeh.
  1970 | D:3      | Gained mutation: You regenerate a little health from kills.
                  | [demonic ancestry]
  1970 | D:3      | Reached XP level 4. HP: 35/35 MP: 4/4
  2392 | D:3      | Killed from afar by an orc priest

Illustrated notes

Levels and vault maps discovered:
D:1:      mrwooster_arrival_statue_2, layout_basic, basic_ecumenical_altar,
          serial_shops, nicolae_lakefront_shop
D:2:      layout_rooms, minmay_misc_feat_encased
D:3:      layout_loops_ring, mainiacjoe_overflow_six_doors_small,
          serial_bayou_pond_d

Skill      XL: |  1  2  3 |
---------------+----------+-----
Polearms       | 2 |  2.9
Shields        | 3 |  3.1
Armour         | 3 |  3.1
Fighting       | |  3.4

Action                   |  1- 3 |  4- 6 || total
-------------------------+-------+-------++-------
Melee: Trident           |   116 |    21 ||   137
  Use: Potion            |       |     2 ||     2
Armor: Scale mail        |    43 |       ||    43
       Chain mail        |     1 |     6 ||     7
Dodge: Dodged            |    24 |     4 ||    28
Block: Kite shield       |    50 |    16 ||    66

Table legend: (Time is in decaauts)
 A = Elapsed time spent in this place.
 B = Non-inter-level travel time spent in this place.
 C = Inter-level travel time spent in this place.
 D = Time resting spent in this place.
 E = Time spent auto-exploring this place.
 F = Levels seen in this place.
 G = Mean time per level.
                   A        B        C        D        E       F      G
               +--------+--------+--------+--------+--------+-----+--------+
         Total |   2450 |   2416 |     34 |    136 |   1966 |   3 |  816.7 |
       Dungeon |   2450 |   2416 |     34 |    136 |   1966 |   3 |  816.7 |
               +--------+--------+--------+--------+--------+-----+--------+

Top non-repeatable levels by time:
     D:3: 1127 daAuts
     D:1: 850 daAuts
     D:2: 472 daAuts
